 Dungeon Crawl Stone Soup version 0.25-a0-860-gf695395b5c (webtiles) character file.

Game seed: 5612268303229805711, levelgen mode: deterministic

32 Maedhros the Charlatan (level 3, 0/23 HPs)
             Began as an Octopode Artificer on Apr 27, 2020.
             Slain by a scorpion (8 damage)
             ... on level 4 of the Dungeon.
             The game lasted 00:01:48 (409 turns).

Maedhros the Charlatan (Octopode Artificer)          Turns: 409, Time: 00:01:49

Health: 0/23       AC:  1    Str: 11    XL:     3   Next: 25%
Magic:  6/6        EV: 13    Int: 13    God:
Gold:   51         SH:  0    Dex: 13    Spells: 2/2 levels left

rFire    . . .     SeeInvis .   a - +0 short sword
rCold    . . .     Gourm    .   (no shield)
rNeg     . . .     Faith    .   (helmet restricted)
rPois    .         Spirit   .   (no amulet)
rElec    .         Reflect  .   g - ring of stealth
rCorr    .         Harm     .   (no ring)
MR       .....                  (no ring)
Stlth    ++++......             (no ring)
HPRegen  0.07/turn              (no ring)
MPRegen  0.10/turn              (no ring)
                                (no ring)
                                (no ring)

@: lethally poisoned (0 -> -2)
A: almost no armour, stealthy swim, amphibious, 8 rings, constrict 8, camouflage
1, gelatinous body 1
a: no special abilities


You were on level 4 of the Dungeon.
You were not hungry.

You visited 1 branch of the dungeon, and saw 4 of its levels.

You collected 51 gold pieces.

Inventory:

Hand Weapons
 a - a +0 short sword (weapon)
Missiles
 l - 5 javelins (quivered)
Jewellery
 g - a ring of stealth (left tentacle)
Wands
 b - a wand of flame (14)
 c - a wand of enslavement (15)
 d - a wand of random effects (15)
Scrolls
 h - a scroll of magic mapping {unknown}
 i - 2 scrolls of identify {unknown}
 j - a scroll of remove curse {unknown}
 k - 2 scrolls of amnesia {unknown}
Potions
 e - a potion of brilliance {unknown}
Comestibles
 f - a ration


   Skills:
 - Level 1.0 Fighting
 - Level 1.0 Short Blades
 - Level 2.0 Dodging
 + Level 3.4 Stealth
 - Level 4.0 Evocations


You had 2 spell levels left.
You didn't know any spells.
Your spell library was empty.

Dungeon Overview and Level Annotations

Branches:
Dungeon (3/15)

Altars:
Ashenzari
Elyvilon
Qazlal
Uskayaw


Innate Abilities, Weirdness & Mutations

You cannot wear most types of armour.
You are very stealthy in the water. (Stealth+)
You are amphibious.
You can wear up to eight rings at the same time.
You can use your tentacles to constrict eight enemies at once.
Your skin changes colour to match your surroundings (Stealth+).
Your rubbery body absorbs attacks. (AC +1, EV +1)


Message History

The scorpion is moderately wounded.
You constrict the scorpion, but do no damage.
You feel sick. The scorpion closely misses you.
You hit the scorpion.
The scorpion is heavily wounded.
You constrict the scorpion, but do no damage.
The scorpion stings you.
You hit the scorpion but do no damage.
The scorpion is heavily wounded.
You constrict the scorpion. The scorpion stings you!
Okay, then.
Evoke which item? (* to show all) (? for menu, Esc to quit)
Aiming: Throw Flame
Press: ? - help, Shift-Dir - straight line, f - scorpion
Aim: a scorpion (heavily wounded, constricted by you)
The puff of flame hits the scorpion.
The scorpion is heavily wounded.
You constrict the scorpion, but do no damage.
The scorpion stings you!
You die...

#.####.# #.# #.# ..
##.####.####...#
#....##.........
#..#.###.####.##
####..8#8...#
#..(.#####..####+##
#......#.....##..s##
#..#...#...#.#..@..##
#.8#.._#_..#8..†....##
#.###########........#
..8#.._# #8........+
#..#...# #.........#
##.....#
..........#####
##..###
#..............#
#...8#
..####...#####.#
#[####### ##..# #.#


You could see a scorpion.

Vanquished Creatures
  2 adders
  3 leopard geckos
  A giant cockroach (D:1)
  A goblin (D:3)
  3 bats
  A kobold (D:3)
  A rat (D:1)
12 creatures vanquished.

Notes
Turn   | Place    | Note
-------+----------+-------------------------------------------
     0 | D:1      | Maedhros the Octopode Artificer began the quest for the
                  | Orb.
     0 | D:1      | Reached XP level 1. HP: 13/13 MP: 3/3
   164 | D:2      | Found a stormy altar of Qazlal.
   166 | D:2      | Noticed an earth elemental
   167 | D:2      | Noticed a water elemental
   167 | D:2      | Noticed a fire elemental
   167 | D:2      | Noticed an air elemental
   197 | D:2      | Reached XP level 2. HP: 15/18 MP: 4/4
   259 | D:2      | Reached skill level 4 in Evocations
   326 | D:3      | You fall into a shaft and drop 1 floor!
   328 | D:4      | Noticed a scorpion
   364 | D:4      | Found a shattered altar of Ashenzari.
   376 | D:4      | Found a hide-covered altar of Uskayaw.
   392 | D:4      | Found a white marble altar of Elyvilon.
   403 | D:4      | Reached XP level 3. HP: 19/23 MP: 6/6
   409 | D:4      | Slain by a scorpion

Levels and vault maps discovered:
D:1:      dpeg_arrival_short_road, layout_loops_ring
D:2:      layout_basic, tgw_trog, nicolae_qazlal_style_of_elements
D:3:      layout_loops_ring, zin_statuary, kennysheep_path_1, minmay_vboxes,
          uniq_grinder, uniq_terence
D:4:      layout_loops_corners, nicolae_overflow_quartered_altars

Skill      XL: |  1  2 |
---------------+-------+-----
Stealth        | 2 3 |  3.4
Evocations     | 4 |  4.0
Fighting       | |  1.0
Short Blades   | |  1.0
Dodging        | |  2.0

Action                   || total
-------------------------++-------
Melee: Short sword       ||    29
       Constrict         ||     7
       Tentacles         ||     2
Evoke: Wand              ||     1
 Stab: Sleeping          ||     7
Dodge: Dodged            ||    20

Table legend:
 A = Non-vault XP
 B = Vault XP
 C = Vault XP percentage of total XP
 D = Non-vault monster count
 E = Vault monster count
 F = Vault count percentage of total count
                 A         B        C        D         E       F
            +---------+---------+-------+---------+---------+-------
      Total |      46 |       0 |   0.0 |      12 |       0 |   0.0
            +---------+---------+-------+---------+---------+-------
        D:1 |       3 |       0 |   0.0 |       2 |       0 |   0.0
        D:2 |      22 |       0 |   0.0 |       5 |       0 |   0.0
        D:3 |       5 |       0 |   0.0 |       3 |       0 |   0.0
        D:4 |      16 |       0 |   0.0 |       2 |       0 |   0.0
            +---------+---------+-------+---------+---------+-------
